[Event "Uruguayan Championship 2022"]
[Site "Montevideo"]
[Date "2022.04.08"]
[Round "1.1"]
[White "Carvalho, Guillermo"]
[Black "Diaz Hollemaert, Nahuel"]
[Result "0-1"]
[ECO "A10"]
[WhiteElo "2171"]
[BlackElo "2439"]
[Annotator "TA"]
[PlyCount "70"]
[EventDate "2022.04.08"]
[EventType "tourn"]
[EventRounds "11"]
[EventCountry "URU"]
[SourceTitle "playchess.com"]
[Source "ChessBase"]
[SourceQuality "1"]
[TimeControl "40/5400+30:1800+30"]

1. c4 b6 2. Nc3 Bb7 3. e4 e5 4. Nf3 Nc6 5. Be2 Nf6 6. d3 {[%emt 0:01:43] A10: English Opening: Unusual Replies for Black.} h6 7. a3 {[%emt 0:03:57] [#]} g6 $146 ({Predecessor:} 7... Bc5 8. h3 a5 9. Qc2 Qe7 10. Nb5 d6 11. Nh4 Bxf2+ 12. Kxf2 Nxe4+ 13. dxe4 Qxh4+ {½-½ (28) Habakuk,M-Tremblay,M (1466) Rynia 2013}) 8. O-O {[%emt 0:02:14] The position is equal.} Bg7 9. h3 O-O 10. Nd5 d6 11. Nxf6+ Qxf6 12. Be3 Qe7 13. Ne1 f5 14. f3 Nd8 15. Qd2 f4 16. Bf2 Ne6 17. Nc2 c5 {[%emt 0:00:42] Against d4} 18. b4 Bf6 19. Rfb1 Bc8 {[%emt 0:00:46] &Nero is more active.} 20. Bf1 h5 21. a4 a5 22. bxa5 bxa5 23. Rb5 Qc7 24. Be1 Bd8 25. Qc3 ({Better is} 25. Be2 $15) 25... g5 $1 $19 26. Be2 Qg7 (26... g4 $19 {...gxh3 is the strong threat.} 27. fxg4 Ng5) 27. Bf2 $2 (27. Rab1 $17) 27... g4 $1 28. hxg4 ({Not} 28. fxg4 Nc7 29. Qb3 (29. Rxa5 $2 Nd5 $19) 29... hxg4 30. hxg4 Be7 $15) 28... hxg4 29. Kf1 (29. fxg4 {keeps fighting.} Nc7 30. Qb3 (30. Rxa5 $2 Nd5 $19)) 29... Qh6 30. fxg4 (30. Ke1 $142) 30... Qh1+ 31. Bg1 Ng5 32. Ne1 f3 33. Nxf3 Bxg4 (33... Nxf3 $142 34. Bxf3 Bxg4) 34. Ra2 {[%emt 0:02:25] [#]} Nh3 $1 35. gxh3 {[%emt 0:00:39] [#]} (35. Ke1 Nxg1) 35... Bh4 $1 {[%emt 0:00:09] Weighted Error Value: White=1.11/Black=0.61} 0-1

[Event "Uruguayan Championship 2022"]
[Site "Montevideo"]
[Date "2022.04.08"]
[Round "1.2"]
[White "Granara Barreto, Sebastian"]
[Black "Vazquez, Facundo"]
[Result "0-1"]
[ECO "B40"]
[WhiteElo "2131"]
[BlackElo "2319"]
[Annotator "NA RC"]
[PlyCount "82"]
[EventDate "2022.04.08"]
[EventType "tourn"]
[EventRounds "11"]
[EventCountry "URU"]
[SourceTitle "playchess.com"]
[Source "ChessBase"]
[SourceQuality "1"]
[TimeControl "40/5400+30:1800+30"]

1. e4 c5 2. Nf3 e6 3. c3 Nf6 4. e5 Nd5 5. g3 d6 6. exd6 b6 7. Bg2 Bb7 8. O-O Bxd6 9. d4 Nc6 10. c4 Nf6 11. Nc3 O-O 12. Bg5 Na5 13. b3 cxd4 14. Nxd4 Bxg2 15. Kxg2 Be5 16. Nde2 Qc7 17. Qc2 Qb7+ 18. Kg1 Nc6 19. Bxf6 Nb4 20. Qe4 Qxe4 21. Nxe4 gxf6 22. Rad1 f5 23. N4c3 Rfd8 24. f4 Bd6 25. Kg2 Nc2 26. Kf3 Bc5 27. Na4 Ne3 28. Rxd8+ Rxd8 29. Rc1 Ng4 30. Nxc5 bxc5 31. h3 Rd3+ 32. Kg2 Nf6 33. b4 cxb4 34. c5 Nd5 35. c6 Nc7 36. Rc2 Kf8 37. Kf2 Ke7 38. Rc4 a5 39. Rc5 Rd5 40. Rc2 Kd6 41. Nc1 Rc5 0-1

[Event "Uruguayan Championship 2022"]
[Site "Montevideo"]
[Date "2022.04.08"]
[Round "1.3"]
[White "Palacio, Enzo"]
[Black "Vaz Lacuesta, Leonardo"]
[Result "0-1"]
[ECO "C05"]
[WhiteElo "1896"]
[BlackElo "2018"]
[Annotator "NA RC"]
[PlyCount "58"]
[EventDate "2022.04.08"]
[EventType "tourn"]
[EventRounds "11"]
[EventCountry "URU"]
[SourceTitle "playchess.com"]
[Source "ChessBase"]
[SourceQuality "1"]
[TimeControl "40/5400+30:1800+30"]

1. e4 e6 2. d4 d5 3. Nd2 Nf6 4. e5 Nfd7 5. Bd3 c5 6. c3 Nc6 7. Ne2 Qb6 8. O-O cxd4 9. cxd4 f6 10. Nf4 Nxd4 11. Qh5+ Ke7 12. Ng6+ hxg6 13. exf6+ Nxf6 14. Qxh8 Bd7 15. b3 Qa5 16. a4 Kf7 17. Qh4 Qc3 18. Bxg6+ Kxg6 19. Qg3+ Qxg3 20. hxg3 Bc5 21. Rd1 Ng4 22. Bb2 Nf5 23. Kf1 Bxf2 24. Be5 Nfe3+ 25. Ke2 Nxd1 26. Rxd1 Nxe5 27. Kxf2 Rc8 28. Ke3 Ng4+ 29. Kd4 e5+ 0-1

[Event "Uruguayan Championship 2022"]
[Site "Montevideo"]
[Date "2022.04.08"]
[Round "1.4"]
[White "Rodi, Luis Ernesto"]
[Black "Hoffman, Alejandro"]
[Result "0-1"]
[ECO "C41"]
[WhiteElo "2347"]
[BlackElo "2403"]
[Annotator "RC"]
[PlyCount "74"]
[EventDate "2022.04.08"]
[EventType "tourn"]
[EventRounds "11"]
[EventCountry "URU"]
[SourceTitle "playchess.com"]
[Source "ChessBase"]
[SourceQuality "1"]
[TimeControl "40/5400+30:1800+30"]

1. e4 d6 2. d4 Nf6 3. Nc3 e5 4. Nf3 Nbd7 5. Rg1 c6 6. g4 Qa5 7. Bd2 Qb6 8. g5 Nh5 9. dxe5 dxe5 10. Nxe5 Nxe5 11. Qxh5 Qxb2 12. Rb1 Qxc2 13. g6 Nxg6 14. Rxg6 fxg6 15. Qe5+ Be7 16. Bc4 Rf8 17. Qg3 Bc5 18. f4 Bd6 19. Bb3 Qxd2+ 20. Kxd2 Bxf4+ 21. Ke2 Bxg3 22. hxg3 Bg4+ 23. Ke1 O-O-O 24. Bc4 b5 25. Bf1 h5 26. a4 a6 27. axb5 axb5 28. e5 Rde8 29. Ra1 Rxe5+ 30. Kd2 Rf2+ 31. Kd3 Ref5 32. Be2 Rxe2 33. Nxe2 Rd5+ 34. Nd4 c5 35. Ke4 Rxd4+ 36. Ke5 Rd3 37. Ra7 c4 0-1

[Event "Uruguayan Championship 2022"]
[Site "Montevideo"]
[Date "2022.04.08"]
[Round "1.5"]
[White "Lopez Azambuja, Nicolas"]
[Black "Coppola, Claudio"]
[Result "1/2-1/2"]
[ECO "A29"]
[WhiteElo "2318"]
[BlackElo "2285"]
[Annotator "NA RC"]
[PlyCount "46"]
[EventDate "2022.04.08"]
[EventType "tourn"]
[EventRounds "11"]
[EventCountry "URU"]
[SourceTitle "playchess.com"]
[Source "ChessBase"]
[SourceQuality "1"]
[TimeControl "40/5400+30:1800+30"]

1. c4 e5 2. Nc3 Nc6 3. Nf3 Nf6 4. g3 Nd4 5. Bg2 Nxf3+ 6. Bxf3 Bb4 7. Nd5 Nxd5 8. cxd5 O-O 9. O-O Bc5 10. b3 d6 11. Bb2 Bh3 12. Bg2 Bxg2 13. Kxg2 c6 14. dxc6 bxc6 15. d4 Bb6 16. Rc1 Rc8 17. dxe5 dxe5 18. Qxd8 Rfxd8 19. Rfd1 f6 20. Kf3 Kf7 21. e3 Rxd1 22. Rxd1 Rd8 23. Rxd8 Bxd8 1/2-1/2

[Event "Uruguayan Championship 2022"]
[Site "Montevideo"]
[Date "2022.04.08"]
[Round "1.6"]
[White "Roselli Mailhe, Bernardo"]
[Black "Carbone, Diego"]
[Result "1-0"]
[ECO "A48"]
[WhiteElo "2426"]
[BlackElo "2272"]
[Annotator "TA"]
[PlyCount "67"]
[EventDate "2022.04.08"]
[EventType "tourn"]
[EventRounds "11"]
[EventCountry "URU"]
[SourceTitle "playchess.com"]
[Source "ChessBase"]
[SourceQuality "1"]
[TimeControl "40/5400+30:1800+30"]

1. d4 Nf6 2. Nf3 g6 3. Bg5 Bg7 4. Nbd2 O-O 5. e4 d5 6. e5 Ne4 7. Be3 c5 {[%emt 0:14:17] A48: 1 d4 Nf6 2 Nf3 g6: Torre, London and Colle Systems.} 8. c3 Nc6 9. Be2 Qb6 {[%emt 0:10:05] Black has an edge.} 10. Qb3 {[%emt 0:06:27] [#]} Nxd2 $146 ({Predecessor:} 10... cxd4 11. cxd4 Qxb3 12. Nxb3 Nb4 13. Kd1 f5 14. g3 f4 15. gxf4 Bh6 16. a3 Nc6 {0-1 (44) Geldyeva,M (2285)-Shvayger,Y (2408) Baku 2016}) 11. Bxd2 (11. Nxd2 $11 Be6 12. f4) 11... Bf5 12. O-O cxd4 {[%emt 0:04:15] [#] Strongly threatening ...Qxb3.} 13. Qxb6 axb6 14. cxd4 f6 15. exf6 Bxf6 16. Bc3 Rfd8 17. Rfd1 g5 18. h3 g4 19. hxg4 Bxg4 20. Kf1 Kg7 21. Ng1 h5 22. f3 Bf5 23. f4 (23. Bd3 $11 Bxd3+ 24. Rxd3) 23... h4 $15 24. Nf3 Rh8 25. Kf2 Kf7 26. Rh1 Be4 27. Rh2 (27. Ne5+ $11 Bxe5 28. fxe5) 27... e6 (27... Bxf3 $5 28. Bxf3 e6 $17) 28. Ne5+ Nxe5 29. fxe5 Bg5 30. Bg4 Rag8 {[%emt 0:01:28] And now ...Bf4 would win.} 31. Bh3 (31. Bf3 $1 $15) 31... Bf4 32. Rhh1 Rg3 {[%emt 0:01:43] Hoping for ...Rhg8.} 33. Rhf1 $2 {[%emt 0:03:22] [#]} (33. Raf1 $1 $15 Ke8 34. Ke1) 33... Rhg8 $2 (33... Ke8 $1 $19 {...Rf8 is the strong threat.} 34. Rae1 Bd3) 34. Ke1 {[%emt 0:00:34][%mdl 32768] Weighted Error Value: White=0.26 (precise) /Black=0.22 (precise) . Sensor Board Error (Ke4/e5)?} 1-0

[Event "Uruguayan Championship 2022"]
[Site "Montevideo"]
[Date "2022.04.09"]
[Round "2.1"]
[White "Diaz Hollemaert, Nahuel"]
[Black "Carbone, Diego"]
[Result "1-0"]
[ECO "A05"]
[WhiteElo "2439"]
[BlackElo "2272"]
[Annotator "TA"]
[PlyCount "75"]
[EventDate "2022.04.08"]
[EventType "tourn"]
[EventCountry "URU"]
[SourceTitle "playchess.com"]
[Source "ChessBase"]
[SourceQuality "1"]
[TimeControl "40/5400+30:1800+30"]

1. Nf3 Nf6 2. c4 g6 3. b3 c5 4. Bb2 Bg7 5. g3 Nc6 6. Bg2 d6 7. O-O O-O 8. Nc3 e5 9. d3 h6 10. e3 {[%emt 0:04:29] A38: Symmetrical English vs ...g6: 4 Bg2 Bg7 5 Nf3 Nf6.} Re8 11. a3 Bf5 {[%emt 0:06:06] [#]} (11... Bg4 {feels hotter.} 12. Nd5 Qd7 13. Qc2 Bh3) 12. h3 $146 {[%emt 0:16:30] White has an edge.} ({Predecessor:} 12. Nd5 Nxd5 13. cxd5 Ne7 14. e4 Bd7 15. Nd2 b5 16. f4 exf4 17. Bxg7 Kxg7 18. gxf4 {0-1 (60) Ramon Pita,V (2206)-Pelikian,J (2403) Sao Paulo 2002}) 12... Qd7 13. Kh2 Rad8 14. Nd5 Nh7 15. Qd2 Be6 16. b4 b6 17. Ng1 Ne7 18. Ne2 f5 19. e4 Nc6 (19... fxe4 $14 {deserves consideration.} 20. dxe4 Nc6) 20. Rae1 (20. exf5 $16 gxf5 21. Rae1) 20... Nd4 21. Nxd4 cxd4 22. exf5 Bxf5 (22... gxf5 $142 23. b5 Qf7) 23. f4 $16 h5 24. b5 Rf8 (24... exf4 $16 25. Nxf4 (25. gxf4 Nf8 $16) (25. Rxf4 Rxe1 26. Qxe1 Re8 $16) 25... Rxe1 26. Qxe1 (26. Rxe1 Be5 $16) 26... Be5) 25. Nb4 Qc7 (25... Bh6 $16 26. Qc2 Nf6) 26. Nd5 Qd7 27. fxe5 Bxe5 {[%emt 0:01:01] [#]} 28. h4 $2 (28. Bxd4 $1 $18 Rde8 29. Bxe5 dxe5 30. a4) 28... Rde8 29. Rf2 {[%emt 0:00:50] [#]} (29. Nf4 $11 {keeps the balance.}) 29... Qg7 (29... Qd8 $1 $17 {[%cal Rd8h4] And now ...Qxh4+ would win.} 30. Rf4 (30. Nf4 g5 $15) 30... g5 31. Rxf5 Rxf5) 30. Ref1 $11 Bg4 31. Be4 Rxf2+ 32. Rxf2 Nf8 $2 (32... g5 $11 33. Kh1 Rf8) 33. Qg5 $16 {[%emt 0:00:30] 0x0.00264cf1c310dp-1022s more active pieces.} Re6 (33... Be6 $16 34. Bc1 Kh8) 34. Kg2 (34. Qd8 $18) 34... Qd7 (34... Nd7 $16 {keeps fighting.}) 35. Nf6+ $18 ({But not} 35. Qh6 Qg7 36. Qg5 Nd7 $16) 35... Bxf6 36. Rxf6 Rxf6 37. Qxf6 Qe6 $2 (37... Ne6 $16 38. Bxd4 (38. Bxg6 Qg7 $16) 38... Nxd4) 38. Bd5 {[%emt 0:00:13] Weighted Error Value: White=0.39/Black=0.53} 1-0

[Event "Uruguayan Championship 2022"]
[Site "Montevideo"]
[Date "2022.04.09"]
[Round "2.2"]
[White "Coppola, Claudio"]
[Black "Roselli Mailhe, Bernardo"]
[Result "1/2-1/2"]
[ECO "E00"]
[WhiteElo "2285"]
[BlackElo "2426"]
[Annotator "TA"]
[PlyCount "85"]
[EventDate "2022.04.08"]
[EventType "tourn"]
[EventCountry "URU"]
[SourceTitle "playchess.com"]
[Source "ChessBase"]
[SourceQuality "1"]
[TimeControl "40/5400+30:1800+30"]

1. d4 e6 2. c4 Bb4+ 3. Bd2 a5 4. Nc3 Nf6 5. Nf3 d6 6. Qc2 Nbd7 7. a3 {[%emt 0:00:48] E11: Bogo-Indian.} Bxc3 8. Bxc3 O-O 9. e4 {[%emt 0:10:51] White is slightly better.} e5 10. dxe5 dxe5 11. Nxe5 ({Reject} 11. Bxe5 $6 Nxe5 12. Nxe5 Re8 $15) 11... Nxe5 12. Bxe5 Re8 {[%emt 0:00:04] [#]} 13. Rd1 $1 Qe7 14. Bxf6 {[%emt 0:00:23] &Bianco is more active.} ({Worse is} 14. f4 Ng4 15. Bd3 Ne3 $17) 14... gxf6 {[%emt 0:10:38] [#]} 15. Bd3 $146 ({Predecessor:} 15. Be2 f5 16. f3 fxe4 17. fxe4 Qh4+ 18. g3 Qxe4 19. Qxe4 Rxe4 20. Rd8+ Kg7 21. h3 Rxe2+ 22. Kxe2 {½-½ (40) Zueger,B (2465)-Andersson,U (2630) Prague 1996}) 15... f5 $1 16. e5 Qxe5+ 17. Qe2 Qxe2+ 18. Bxe2 Ra6 19. Rd2 Rae6 20. Kd1 Bd7 21. Rxd7 Rxe2 $11 {[%emt 0:00:07][%mdl 4096] Endgame KRR-KRR} 22. Rd2 R2e4 23. b3 a4 24. Kc2 R8e6 25. Kc3 axb3 26. Kxb3 Rb6+ 27. Kc3 Rc6 28. Rd4 b5 29. Rxe4 fxe4 {[%emt 0:00:06] KR-KR} 30. Kb4 Rxc4+ 31. Kxb5 Rc2 32. Rf1 Ra2 33. a4 Kf8 34. a5 (34. Kb4 $5 ) 34... Ke7 {[%emt 0:00:05] The position is equal.} 35. Re1 f5 36. f3 Rxg2 37. fxe4 fxe4 38. Rxe4+ Kd7 39. h4 Rb2+ 40. Rb4 Rxb4+ 41. Kxb4 Kc6 42. h5 h6 43. Kc4 {[%emt 0:00:00] Weighted Error Value: White=0.05 (flawless) /Black=0.03 (flawless)} 1/2-1/2

[Event "Uruguayan Championship 2022"]
[Site "Montevideo"]
[Date "2022.04.09"]
[Round "2.3"]
[White "Hoffman, Alejandro"]
[Black "Lopez Azambuja, Nicolas"]
[Result "1/2-1/2"]
[ECO "D42"]
[WhiteElo "2403"]
[BlackElo "2318"]
[Annotator "TA"]
[PlyCount "43"]
[EventDate "2022.04.08"]
[EventType "tourn"]
[EventCountry "URU"]
[SourceTitle "playchess.com"]
[Source "ChessBase"]
[SourceQuality "1"]
[TimeControl "40/5400+30:1800+30"]

1. d4 Nf6 2. c4 e6 3. Nf3 d5 4. Nc3 c5 5. cxd5 Nxd5 6. e3 Nc6 7. Bd3 Be7 8. O-O O-O 9. Re1 b6 10. a3 {[%emt 0:09:07] D42: Queen's Gambit Declined: Semi-Tarrasch: 5 cxd5 Nxd5 6 e3 Nc6 7 Bd3 .} Bb7 11. Nxd5 exd5 {[%emt 0:03:03] [#]} 12. b3 $146 {[%emt 0:04:14] White has an edge.} ({Predecessor:} 12. dxc5 bxc5 13. e4 Bf6 14. exd5 Nd4 15. Be3 Bxd5 16. Nxd4 cxd4 17. Bf4 g6 18. Rc1 {½-½ (41) Levin,E (2493)-Bocharov,D (2602) Voronezh 2016}) 12... Bf6 13. Ra2 cxd4 14. exd4 (14. Nxd4 {is interesting.} Nxd4 15. exd4 Re8 16. Rxe8+ Qxe8 17. Be3) 14... Nxd4 15. Nxd4 Bxd4 {[%emt 0:00:04] [#]} 16. Bxh7+ $1 Kxh7 17. Qxd4 Re8 18. Rae2 Qd7 (18... Rxe2 $11 19. Rxe2 Rc8) 19. Bb2 $1 $16 {[%emt 0:00:58][%csl Gb2][%cal Rd4g7] &Bianco is more active.} f6 20. Qd3+ $1 Kg8 {[%emt 0:00:26] [#]} 21. Bd4 (21. Bxf6 $1 $16 {[%mdl 512] Hoping for Re7.} Rxe2 22. Rxe2 gxf6 23. Qg6+ Qg7 24. Qxg7+ Kxg7 25. Re7+ Kg6 26. Rxb7) 21... Bc6 $11 22. Rxe8+ {Weighted Error Value: White=0.14 (very precise) /Black=0.22 (precise)} 1/2-1/2

[Event "Uruguayan Championship 2022"]
[Site "Montevideo"]
[Date "2022.04.09"]
[Round "2.4"]
[White "Vaz Lacuesta, Leonardo"]
[Black "Rodi, Luis Ernesto"]
[Result "1-0"]
[ECO "C54"]
[WhiteElo "2018"]
[BlackElo "2347"]
[Annotator "NA RC"]
[PlyCount "63"]
[EventDate "2022.04.08"]
[EventType "tourn"]
[EventCountry "URU"]
[SourceTitle "playchess.com"]
[Source "ChessBase"]
[SourceQuality "1"]
[TimeControl "40/5400+30:1800+30"]

1. e4 e5 2. Nf3 Nc6 3. Bc4 Bc5 4. c3 Nf6 5. b4 Bb6 6. d3 d6 7. O-O Bg4 8. h3 Bd7 9. Re1 h6 10. a4 a6 11. Nbd2 g5 12. Nf1 g4 13. hxg4 Nxg4 14. Be3 Nxe3 15. Nxe3 Bxe3 16. Rxe3 Qe7 17. Bd5 Nd8 18. d4 Bg4 19. Qd3 Qf6 20. a5 Be6 21. dxe5 dxe5 22. Qc4 c6 23. Qc5 Bg4 24. Bb3 Bxf3 25. Rxf3 Qe7 26. Qb6 O-O 27. Rd1 Ne6 28. Bxe6 fxe6 29. Rg3+ Kh7 30. Qc5 Qf6 31. Rd7+ Kh8 32. Rf3 1-0

[Event "Uruguayan Championship 2022"]
[Site "Montevideo"]
[Date "2022.04.09"]
[Round "2.5"]
[White "Vazquez, Facundo"]
[Black "Palacio, Enzo"]
[Result "1-0"]
[ECO "E62"]
[WhiteElo "2319"]
[BlackElo "1896"]
[Annotator "NA RC"]
[PlyCount "79"]
[EventDate "2022.04.08"]
[EventType "tourn"]
[EventCountry "URU"]
[SourceTitle "playchess.com"]
[Source "ChessBase"]
[SourceQuality "1"]
[TimeControl "40/5400+30:1800+30"]

1. d4 Nf6 2. c4 g6 3. Nf3 Bg7 4. Nc3 O-O 5. g3 d6 6. Bg2 c6 7. O-O Bf5 8. Ne1 d5 9. h3 Ne4 10. Qb3 Qb6 11. cxd5 Qxb3 12. axb3 Nxc3 13. bxc3 cxd5 14. Bxd5 Nc6 15. g4 Bd7 16. Nd3 b6 17. Bf4 Rac8 18. Bxc6 Rxc6 19. Rxa7 Be6 20. d5 Bxd5 21. Nb4 Rc5 22. Be3 Rb5 23. Nxd5 Rxd5 24. c4 Re5 25. Rd1 b5 26. c5 f5 27. Rdd7 f4 28. Bd4 Rxe2 29. Bxg7 Re1+ 30. Kg2 Kxg7 31. Rxe7+ Rxe7 32. Rxe7+ Kf6 33. Rb7 Ke5 34. Rxb5 Kd5 35. b4 h5 36. Kf3 hxg4+ 37. hxg4 g5 38. c6+ Kxc6 39. Rxg5 Rb8 40. b5+ 1-0

[Event "Uruguayan Championship 2022"]
[Site "Montevideo"]
[Date "2022.04.09"]
[Round "2.6"]
[White "Carvalho, Guillermo"]
[Black "Granara Barreto, Sebastian"]
[Result "1/2-1/2"]
[ECO "A22"]
[WhiteElo "2171"]
[BlackElo "2131"]
[Annotator "NA RC"]
[PlyCount "30"]
[EventDate "2022.04.08"]
[EventType "tourn"]
[EventCountry "URU"]
[SourceTitle "playchess.com"]
[Source "ChessBase"]
[SourceQuality "1"]
[TimeControl "40/5400+30:1800+30"]

1. c4 e5 2. Nc3 Nf6 3. g3 d5 4. cxd5 Nxd5 5. Bg2 Nb6 6. e3 Nc6 7. Nge2 h5 8. h3 Be6 9. d4 exd4 10. exd4 Nd5 11. O-O Qd7 12. Nf4 Nxf4 13. Bxf4 Nxd4 14. Bxb7 Rd8 15. Bg2 Be7 1/2-1/2

[Event "Uruguayan Championship 2022"]
[Site "Montevideo"]
[Date "2022.04.10"]
[Round "3.1"]
[White "Granara Barreto, Sebastian"]
[Black "Diaz Hollemaert, Nahuel"]
[Result "1/2-1/2"]
[ECO "B00"]
[WhiteElo "2131"]
[BlackElo "2439"]
[Annotator "TA"]
[PlyCount "56"]
[EventDate "2022.04.08"]
[EventType "tourn"]
[EventCountry "URU"]
[SourceTitle "playchess.com"]
[Source "ChessBase"]
[SourceQuality "1"]
[TimeControl "40/5400+30:1800+30"]

1. e4 b6 2. d4 Bb7 3. Bd3 e6 4. Nf3 d6 5. c4 g6 6. Nc3 {[%emt 0:01:53] B00: Queen's Fianchetto Defence, Nimzowitsch Defence.} Bg7 7. Be3 {[%emt 0:01:57] &Bianco is more active.} Nd7 8. Qd2 {[%emt 0:01:38] White is slightly better.} Ngf6 9. h3 O-O 10. O-O-O {[%emt 0:06:20] [#]} (10. O-O $14) 10... d5 $146 ({Better is} 10... b5 $11) ({Predecessor:} 10... c6 11. Bh6 e5 12. Bxg7 Kxg7 13. g4 exd4 14. Nxd4 Ne5 15. f4 Nxd3+ 16. Qxd3 Re8 {0-1 (44) Tashmuradova,I-Ovezova,M (2300) Rasht 1998}) 11. e5 Ne4 12. Bxe4 dxe4 13. Ng5 b5 14. cxb5 ({Much weaker is} 14. Nxb5 h6 15. h4 hxg5 $15) 14... a6 15. b6 (15. Ncxe4 $2 h6 16. f3 (16. bxa6 $2 Rxa6 17. Nxf7 Rxf7 $17) 16... hxg5 17. Bxg5 Qc8 18. Nf6+ Bxf6 19. exf6 axb5 $19) 15... cxb6 16. Ngxe4 {[%emt 0:01:48] next f3 is good for White.} b5 $1 {[%emt 0:00:07] Strongly threatening ...b4.} 17. f3 $1 b4 18. Na4 Bxe4 19. fxe4 Qc7+ 20. Kb1 $1 Qc6 21. Qc2 Qb7 22. Rc1 Rac8 {[%emt 0:00:42] Inhibits Qc6.} 23. Qd3 Qb5 {[%emt 0:00:27] [#]} (23... Rfd8 $16 {was worth a try.}) 24. Qxb5 $1 $18 {[%emt 0:01:57] White is clearly better.} axb5 25. Nc5 Nxc5 26. Rxc5 Rxc5 27. dxc5 Bxe5 {[%emt 0:00:04] [#]} 28. Rd1 $1 f5 {[%emt 0:03:00] Weighted Error Value: White=0.09 (flawless) /Black=0.16 (very precise)} 1/2-1/2

[Event "Uruguayan Championship 2022"]
[Site "Montevideo"]
[Date "2022.04.10"]
[Round "3.2"]
[White "Palacio, Enzo"]
[Black "Carvalho, Guillermo"]
[Result "0-1"]
[ECO "C99"]
[WhiteElo "1896"]
[BlackElo "2171"]
[Annotator "RC"]
[PlyCount "82"]
[EventDate "2022.04.08"]
[EventType "tourn"]
[EventCountry "URU"]
[SourceTitle "playchess.com"]
[Source "ChessBase"]
[SourceQuality "1"]
[TimeControl "40/5400+30:1800+30"]

1. e4 e5 2. Nf3 Nc6 3. Bb5 a6 4. Ba4 Nf6 5. O-O b5 6. Bb3 Be7 7. Re1 O-O 8. h3 d6 9. c3 Na5 10. Bc2 c5 11. d4 Qc7 12. Nbd2 cxd4 13. cxd4 Nc6 14. d5 Nb4 15. Bb1 a5 16. a3 Na6 17. Bd3 Bd7 18. Nf1 Nc5 19. Bc2 Rfc8 20. Bd2 Qb7 21. b3 Bd8 22. Ng3 g6 23. Nh2 b4 24. a4 Be7 25. Re3 Qc7 26. Rc1 Qd8 27. Re1 Ne8 28. Ng4 Bxg4 29. Qxg4 Nf6 30. Qf3 Qf8 31. Nf1 Ra7 32. g4 Rac7 33. Bb1 Nfd7 34. Ng3 h6 35. Kg2 Bg5 36. Nf1 Bxd2 37. Nxd2 Nd3 38. Qxd3 Rxc1 39. Rxc1 Rxc1 40. Qb5 Nc5 41. Bd3 Rd1 0-1

[Event "Uruguayan Championship 2022"]
[Site "Montevideo"]
[Date "2022.04.10"]
[Round "3.3"]
[White "Rodi, Luis Ernesto"]
[Black "Vazquez, Facundo"]
[Result "0-1"]
[ECO "C18"]
[WhiteElo "2347"]
[BlackElo "2319"]
[Annotator "RC"]
[PlyCount "118"]
[EventDate "2022.04.08"]
[EventType "tourn"]
[EventCountry "URU"]
[SourceTitle "playchess.com"]
[Source "ChessBase"]
[SourceQuality "1"]
[TimeControl "40/5400+30:1800+30"]

1. e4 e6 2. d4 d5 3. Nc3 Bb4 4. e5 c5 5. a3 Bxc3+ 6. bxc3 Ne7 7. Qg4 Qc7 8. Qxg7 Rg8 9. Qxh7 cxd4 10. Qd3 Qxe5+ 11. Ne2 dxc3 12. Bf4 Qf5 13. Qxf5 Nxf5 14. Nxc3 Nc6 15. Bd2 Bd7 16. O-O-O Rc8 17. g3 Ncd4 18. Bd3 Ne7 19. Kb2 e5 20. Be3 Bg4 21. Nb5 Nxb5 22. Bxb5+ Bd7 23. Bd3 Ba4 24. Rc1 e4 25. Be2 Rg6 26. c4 Rd8 27. cxd5 Nxd5 28. Bd2 e3 29. fxe3 Nf4 30. Bb4 Nxe2 31. Rce1 Bb5 32. Rhf1 Nxg3 33. Rf4 Ne2 34. Rf2 Rd5 35. Rfxe2 Bxe2 36. Rxe2 Rdg5 37. Kc3 Rg2 38. Re1 Rg1 39. Kd3 R6g2 40. h4 Rxe1 41. Bxe1 Ke7 42. Ke4 Kf6 43. Kf3 Ra2 44. Bb4 Kg6 45. Kg4 f5+ 46. Kf4 Rf2+ 47. Ke5 Rf3 48. e4 fxe4 49. Kxe4 Rh3 50. Bc5 b6 51. Bd6 Rxh4+ 52. Kd5 Kf7 53. Bb8 Ra4 54. Bd6 b5 55. Kc6 a6 56. Bb4 Ke6 57. Kc5 Ke5 58. Kb6 Kd5 59. Bf8 Kc4 0-1

[Event "Uruguayan Championship 2022"]
[Site "Montevideo"]
[Date "2022.04.10"]
[Round "3.4"]
[White "Lopez Azambuja, Nicolas"]
[Black "Vaz Lacuesta, Leonardo"]
[Result "1-0"]
[ECO "E40"]
[WhiteElo "2318"]
[BlackElo "2018"]
[Annotator "ChessBase"]
[PlyCount "75"]
[EventDate "2022.04.08"]
[EventType "tourn"]
[EventCountry "URU"]
[SourceTitle "playchess.com"]
[Source "ChessBase"]
[SourceQuality "1"]
[TimeControl "40/5400+30:1800+30"]

1. d4 Nf6 2. c4 e6 3. Nc3 Bb4 4. e3 d5 5. Bd2 O-O 6. Nf3 b6 7. Rc1 a6 8. Bd3 Bb7 9. cxd5 exd5 10. O-O Nbd7 11. Ne5 Bd6 12. f4 b5 13. Qf3 b4 14. Qh3 Nb6 15. Nd1 Ne4 16. Nf2 f5 17. Rc2 a5 18. Qf3 Ba6 19. Bxa6 Rxa6 20. Qe2 Qa8 21. Nfd3 Nc8 22. Rfc1 Ne7 23. Be1 Ra7 24. Bh4 Nc8 25. g4 Nb6 26. Nc6 Rb7 27. gxf5 Rxf5 28. Nde5 a4 29. Qg4 Qf8 30. Nd8 Bxe5 31. dxe5 Rb8 32. Ne6 h5 33. Qg2 Qf7 34. Rxc7 Nd7 35. Nd4 Re8 36. R1c6 Rexe5 37. fxe5 Rxe5 38. Rg6 1-0

[Event "Uruguayan Championship 2022"]
[Site "Montevideo"]
[Date "2022.04.10"]
[Round "3.5"]
[White "Roselli Mailhe, Bernardo"]
[Black "Hoffman, Alejandro"]
[Result "1/2-1/2"]
[ECO "D11"]
[WhiteElo "2426"]
[BlackElo "2403"]
[Annotator "TA"]
[PlyCount "22"]
[EventDate "2022.04.08"]
[EventType "tourn"]
[EventCountry "URU"]
[SourceTitle "playchess.com"]
[Source "ChessBase"]
[SourceQuality "1"]
[TimeControl "40/5400+30:1800+30"]

1. d4 d5 2. c4 c6 3. Nf3 Nf6 4. e3 Bg4 5. Nbd2 e6 6. Bd3 Nbd7 {D11: Slav Defence: 3 Nf3 sidelines and 3...Nf6 4 e3 Bg4.} 7. Qc2 Bxf3 8. Nxf3 Bd6 9. O-O O-O 10. b3 Qe7 11. Bb2 {[#]} Rac8 $146 {White took control after the opening.  Weighted Error Value: White=0.05 (flawless) /Black=0.06 (flawless)} ({Predecessor:} 11... Ba3 12. Bc3 Bb4 13. Bb2 Ba3 14. Rfd1 Bxb2 15. Qxb2 Rac8 16. Rac1 Rfd8 17. b4 dxc4 18. Bxc4 {1-0 (44) Maly,A (2371)-Gunina,V (2451) Chess.com INT 2020}) 1/2-1/2